 Dungeon Crawl Stone Soup version 0.30-a0-1103-g25895a7845 (webtiles) character file.

Game seed: 16688567160822578589

43 Newt the Shooter (level 3, -2/24 HPs)
             Began as a Kobold Hunter on Apr 18, 2023.
             Killed from afar by Sigmund (6 damage)
             ... with a puff of flame
             ... on level 2 of the Dungeon.
             The game lasted 00:01:08 (1038 turns).

Newt the Shooter (Kobold Hunter)                    Turns: 1038, Time: 00:01:08

Health: -2/24      AC:  4    Str:  8    XL:     3   Next: 82%
Magic:  3/3        EV: 14    Int: 10    God:
Gold:   80         SH:  0    Dex: 20    Spells: 2/2 levels left

rFire   . . .      SeeInvis .    a - +0 shortbow
rCold   . . .      Faith    .    (shield currently unavailable)
rNeg    . . .      Spirit   .    c - +0 leather armour
rPois   .          Reflect  .    g - +0 helmet
rElec   .          Rampage  .    (no cloak)
rCorr   +                        (no gloves)
Will    .....                    (no boots)
Stlth   ++                       (no amulet)
HPRegen 0.24/turn                j - ring of resist corrosion
MPRegen 0.08/turn                (no ring)

@: confused
A: small, no large weapons, nightstalker 3
a: no special abilities


You were on level 2 of the Dungeon.
You visited 1 branch of the dungeon, and saw 2 of its levels.

You collected 80 gold pieces.

Inventory:

Hand Weapons
 a - a +0 shortbow (weapon)
Armour
 c - a +0 leather armour (worn)
 g - a +0 helmet (worn)
Jewellery
 j - a ring of resist corrosion (left hand)
 m - a ring of poison resistance
Scrolls
 e - a scroll of magic mapping
 h - a scroll of enchant armour {unknown}
Potions
 d - a potion of might {unknown}
 f - 2 potions of curing {unknown}
 i - a potion of berserk rage {unknown}
 k - a potion of attraction {unknown}
 l - a potion of lignification {unknown}


   Skills:
 + Level 4.2 Fighting
 - Level 5.3 Ranged Weapons
 - Level 2.4 Dodging
 - Level 1.3 Stealth


You had 2 spell levels left.
You didn't know any spells.
Your spell library contained the following spells:

 Spells                   Type           Power      Damage    Failure   Level
 Call Canine Familiar     Summ           0%         N/A       86%         3
 Portal Projectile        Hex/Tloc       0%         N/A       86%         3
 Leda's Liquefaction      Hex/Erth       0%         N/A       99%         4
 Petrify                  Tmut/Erth      0%         N/A       99%         4
 Sticky Flame             Conj/Fire      0%         2d3       99%         4
 Summon Lightning Spire   Summ/Air       0%         N/A       99%         4
 Metabolic Englaciation   Hex/Ice        0%         N/A       100%        5
 Statue Form              Tmut/Erth      0%         N/A       100%        6


Dungeon Overview and Level Annotations

Branches:
Dungeon (2/15)

Altars:

Annotations:
D:2 Sigmund


Innate Abilities, Weirdness & Mutations

You are small and have problems with some larger weapons.
You are completely attuned to the shadows.


Message History

The magic dart hits you.
Really read the scroll of immolation?
As you read the scroll of immolation, it crumbles to dust.
The creatures around you are filled with an inner flame!
Unknown command.
You are too injured to fight recklessly!
Fire: a) +0 shortbow
Press: ? - help, Shift-Dir - straight line, f/p - Sigmund
Aim: Sigmund, wielding a +0 scythe and wearing a +0 robe (inner flame, 63% to hit)
You shoot an arrow. The arrow hits Sigmund.
Flame seeps out of Sigmund.
Sigmund is lightly wounded.
Sigmund is engulfed in blazing flames.
Flame seeps out of Sigmund.
Sigmund hits you from afar with a +0 scythe!
* * * LOW HITPOINT WARNING * * *
Unknown command.
Fire: a) +0 shortbow
Press: ? - help, Shift-Dir - straight line, f/p - Sigmund
Aim: Sigmund, wielding a +0 scythe and wearing a +0 robe (flame, moderately wounded, inner flame, 63% to hit)
You shoot an arrow.
The arrow hits Sigmund but does no damage.
Sigmund is moderately wounded.
Sigmund is engulfed in blazing flames.
Flame seeps out of Sigmund.
Sigmund hits you but does no damage.
Unknown command.
Fire: a) +0 shortbow
Press: ? - help, Shift-Dir - straight line, f/p - Sigmund
Aim: Sigmund, wielding a +0 scythe and wearing a +0 robe (flame, almost dead, inner flame, 63% to hit)
You shoot an arrow. The arrow closely misses Sigmund.
Unknown command.
Unknown command.
Fire: a) +0 shortbow
Press: ? - help, Shift-Dir - straight line, f/p - Sigmund
Aim: Sigmund, wielding a +0 scythe and wearing a +0 robe (almost dead, inner flame, 63% to hit)
You shoot an arrow. The arrow closely misses Sigmund.
Sigmund says, "Look into my eyes."
Sigmund casts a spell at you.
You are confused.
Sigmund casts a spell at you. The puff of flame hits you.
You die...

*,,,,,,,,,,****,,,***
,,,,,,,,,,,,,,....,,*** ******
*,,,,,,,,,,***#...*,,,## *,,<,*
************ #...#**,.## *,*,,*
,* *##...####..# *,*,,*
,************,........#.##*,*,,**
,,,,,,,,,,,,,,##..@##.....,,,,,,,
,************##.#.#####.##*,*****
,* ##.#@##.##*,..,,* ,*
##.#.##.#.##*,.,,* ,*
##.#.##.#.#.##*,*,***** ,*
##.#.##.#.#.#.##,,,,,,,* ,*
##.#.##.#.###.#.##*,***,* ****
##.#.##.#.##.##.#.##,,,*,* ,,,*
##.#.##.#.##.#.##.#.##*,*,, ,,,*
##.#.##.#.##†#.#.##.#.##,,,*
,,,*##.#.##.#.##.#...#.##.#.##,,*


You could see Sigmund (inner flame).

Vanquished Creatures
  2 worms (D:2)
  2 dart slugs
  2 endoplasms
  A giant cockroach (D:1)
  6 goblins
  4 hobgoblins
  3 quokkas
  4 ball pythons
  3 bats
  A frilled lizard (D:2)
  2 kobolds
  2 rats
32 creatures vanquished.

Notes
Turn   | Place    | Note
-------+----------+-------------------------------------------
     0 | D:1      | Newt the Kobold Hunter began the quest for the Orb.
     0 | D:1      | Reached XP level 1. HP: 12/12 MP: 1/1
   277 | D:1      | Reached XP level 2. HP: 18/18 MP: 2/2
   636 | D:1      | Reached XP level 3. HP: 19/23 MP: 3/3
   979 | D:2      | Got Fyulir's Collected Works on the Arsonist and
                  | Convocation
  1024 | D:2      | Noticed Sigmund
  1038 | D:2      | Killed from afar by Sigmund

Illustrated notes

Levels and vault maps discovered:
D:1:      amcnicky_arrival_wind_blow, layout_basic,
          amcnicky_mini_rare_corridor_liquid, minmay_pentomino_v4
D:2:      minmay_inner_zag, layout_basic, minmay_misc_feat_diagonals,
          uniq_sigmund

Skill      XL: |  1  2  3 |
---------------+----------+-----
Fighting       | 3 4 |  4.2
Ranged Weapons | |  5.3
Dodging        | |  2.4
Stealth        | |  1.3

Action                     || total
---------------------------++-------
   Fire: Shortbow          ||    95
    Use: Scroll            ||     4
 Armour: Leather armour    ||    16
  Dodge: Dodged            ||    29

Table legend: (Time is in decaauts)
 A = Elapsed time spent in this place.
 B = Non-inter-level travel time spent in this place.
 C = Inter-level travel time spent in this place.
 D = Time resting spent in this place.
 E = Time spent auto-exploring this place.
 F = Levels seen in this place.
 G = Mean time per level.
                   A        B        C        D        E       F      G
               +--------+--------+--------+--------+--------+-----+--------+
         Total |   1064 |   1047 |     17 |     42 |    787 |   2 |  532.0 |
       Dungeon |   1064 |   1047 |     17 |     42 |    787 |   2 |  532.0 |
               +--------+--------+--------+--------+--------+-----+--------+

Top non-repeatable levels by time:
     D:1: 812 daAuts
     D:2: 251 daAuts
